 Dungeon Crawl Stone Soup version 0.26-a0-1129-gc5df7fbe6a (webtiles) character file.

Game seed: 8174202434044227735

4613 Dracia the Grappler (level 10, -2/88 HPs)
             Began as a Troll Monk on Dec 18, 2020.
             Slain by an orc warrior
             ... wielding a +0 war axe
              (16 damage)
             ... on level 10 of the Dungeon.
             The game lasted 00:12:55 (8090 turns).

Dracia the Grappler (Troll Monk)                    Turns: 8090, Time: 00:12:55

Health: -2/88      AC:  7    Str: 21    XL:     10   Next: 19%
Magic:  9/9        EV: 14    Int:  6    God:
Gold:   659        SH:  0    Dex: 15    Spells: 9/9 levels left

rFire    . . .     SeeInvis .     - Unarmed
rCold    + . .     Faith    .   (no shield)
rNeg     . . .     Spirit   .   K - +0 robe {Will+}
rPois    +         Reflect  .   (helmet restricted)
rElec    .         Harm     .   z - +0 cloak
rCorr    .         Rampage  .   (gloves unavailable)
Will     +....                  (boots unavailable)
Stlth    ++........             (no amulet)
HPRegen  0.64/turn              C - ring of protection from cold
MPRegen  0.11/turn              P - ring of poison resistance

@: no status effects
A: large, unfitting armour, claws 3, regeneration 1, shaggy fur 1, tough skin 3
a: no special abilities


You were on level 10 of the Dungeon.
You visited 1 branch of the dungeon, and saw 10 of its levels.
You also visited: Sewer and Ossuary.

You collected 659 gold pieces.


Innate Abilities, Weirdness & Mutations

You are too large for most types of armour.
You have claws for hands.
Your natural rate of healing is unusually fast.
You are covered in fur. (AC +1)
You have extremely tough skin. (AC +3)


   Skills:
 - Level 2.4 Fighting
 - Level 7.3 Dodging
 - Level 1.0 Stealth
 * Level 12.3 Unarmed Combat
 + Level 1.4 Evocations


You had 9 spell levels left.
You didn't know any spells.
Your spell library contained the following spells:

 Spells                   Type           Power        Failure   Level
 Magic Dart               Conj           0%           45%         1
 Searing Ray              Conj           0%           58%         2
 Dazzling Flash           Conj/Hex       0%           83%         3
 Fulminant Prism          Conj/Hex       0%           99%         4
 Iskenderun's Mystic Bla  Conj/Tloc      0%           99%         4

Inventory:

Missiles
 s - 61 poisoned darts (quivered)
 F - 7 curare-tipped darts {=f=f}
 O - 8 datura-tipped darts
Armour
 a - a +0 robe
 z - a +0 cloak (worn)
 K - a +0 robe of willpower (worn)
 N - a cursed +0 pair of boots
Magical Staves
 t - an uncursed staff of fire {!a!a, unknown}
Jewellery
 C - a ring of protection from cold (left claw)
 J - a cursed ring of teleportation {unknown}
 P - a ring of poison resistance (right claw)
 R - an uncursed ring of resist corrosion
 T - an uncursed amulet of faith {!P!P}
Wands
 p - a wand of paralysis (12)
 B - a wand of flame (19)
 D - a wand of acid (10)
 E - a wand of polymorph (16)
 L - a wand of random effects (14)
Scrolls
 b - 6 scrolls of teleportation {@r4@r4}
 d - 4 scrolls of fear {unknown}
 k - 3 scrolls of immolation {unknown}
 m - 6 scrolls of identify {@r1@r1}
 n - 8 scrolls of remove curse {unknown}
 q - 3 scrolls of enchant weapon {unknown}
 r - 5 scrolls of amnesia {unknown}
 v - a scroll of torment {unknown}
 x - 2 scrolls of blinking
 y - a scroll of enchant armour {unknown}
 G - a scroll of noise {unknown}
 M - a scroll of magic mapping
Potions
 c - 7 potions of might
 e - 3 potions of haste {unknown}
 f - 2 potions of invisibility {unknown}
 g - 5 potions of heal wounds {@q2@q2}
 h - 2 potions of berserk rage {unknown}
 i - a potion of ambrosia {unknown}
 j - 3 potions of cancellation {unknown}
 l - 3 potions of flight {unknown}
 o - 13 potions of curing {@q1@q1}
 u - a potion of magic {unknown}
 w - 3 potions of lignification {unknown}
 A - 2 potions of brilliance {unknown}
 H - a potion of mutation {unknown}
 I - a potion of attraction {unknown}

Dungeon Overview and Level Annotations

Branches:
Dungeon (10/15)            Temple (0/1) D:6           Sewer (visited)
Ossuary (visited)
   Lair: D:8-11         Orc: D:9-12

Altars:
Elyvilon
Gozag
Hepliaklqana
Okawaru
Qazlal
Ru
Sif Muna
Vehumet
Wu Jian
Yredelemnul
Beogh

#######################
#..#..#...............#
#..#..#...............#
#..#..'O..............+
#..#..#oo.............#
#.<#..#@.o............#
#'#####...#########'####
#.....'..†...... #..)..#
#.....#......... #...o.#
###..###..8...#. #..#..#
#...........# #..#'##
.'...........# #.....#
..#..(..#.....# #.....#
#..#.....#.....# #..####


You could see an orc warrior, an ogre, an orc wizard (fast) and an orc.


Message History

You kill the orc!
The orc closely misses you. The ogre closely misses you.
The orc hits you with a +0 hand axe.
* * * LOW HITPOINT WARNING * * *
The orc completely misses you.
Things that are here:
a +1 whip of electrocution; a +0 leather armour; an orc corpse You completely miss the orc.
The orc misses you. The ogre hits you with a +0 giant club!
* * * LOW HITPOINT WARNING * * *
You claw the orc!
You kill the orc!
Unknown command.
The orc barely misses you. The orc wizard closely misses you.
Things that are here:
a +0 hand axe; an orc corpse The orc wizard points at you and mumbles some strange words.
The magic dart hits you but does no damage.
There is an open door here.
The orc wizard hits you but does no damage.
The orc wizard gestures wildly while chanting.
The orc wizard blinks!
The orc wizard casts a spell.
The orc wizard blinks!
There is an open door here.
The orc wizard barely misses you. The ogre hits you with a +0 giant club!
* * * LOW HITPOINT WARNING * * *
The orc wizard barely misses you.
The orc warrior hits you with a +0 war axe!
You die...

Skill      XL: |  1  2  3  4  5  6  7  8  9 10 |
---------------+-------------------------------+-----
Unarmed Combat | 4 5 6 8 10 11 12 | 12.3
Dodging        | 3 4 5 6 7 |  7.3
Evocations     | 1 |  1.4
Fighting       | |  2.4
Stealth        | |  1.0

Action                   |  1- 3 |  4- 6 |  7- 9 | 10-12 || total
-------------------------+-------+-------+-------+-------++-------
Melee: Unarmed           |    78 |   174 |   479 |   120 ||   851
       Punch             |     1 |     6 |    23 |     6 ||    36
  Use: Scroll            |     5 |     1 |       |       ||     6
 Stab: Sleeping          |     2 |     2 |     6 |       ||    10
       Distracted        |       |       |     1 |       ||     1
Armor: Robe              |    23 |    87 |   134 |    30 ||   274
Dodge: Dodged            |    35 |   127 |   276 |    95 ||   533

Levels and vault maps discovered:
D:1:      lightli_arrival_chessboard, layout_loops_corners, serial_forest,
          infiniplex_forest_end_1, infiniplex_forest_lined_1,
          infiniplex_forest_lined_room_3, infiniplex_forest_straight_2,
          infiniplex_forest_zigzag_2, infiniplex_forest_3_way,
          infiniplex_forest_straight_4, infiniplex_forest_clump_small,
          minmay_hexomino_u4
D:2:      layout_basic, minmay_overflow_temple_hex, serial_bayou,
          serial_bayou_lagoon_b, serial_bayou_pond_b, serial_bayou_pond_e,
          serial_bayou_pond_d, serial_bayou_crossing,
          hangedman_abyss_or_decor_stabs, uniq_jessica
D:3:      layout_rooms
D:4:      layout_loops_ring, elyvilon_altar_3, portal_sewer_entry_d,
          nicolae_ossuary_entry_ruins, uniq_sigmund, uniq_ijyb, uniq_natasha,
          uniq_eustachio
D:5:      layout_cave_pods, nicolae_ru_path_of_blood
D:6:      layout_gridville, minmay_temple_entry_wispy, grunt_qazlal_sundering
D:7:      layout_loops_corners
D:8:      layout_rooms, kennysheep_little_box
D:9:      layout_roguey [special_room_orc], minmay_lindwurm_lava
D:10:     layout_grid_maze, lair_entry_dummy, minmay_orc_entry_temple_small,
          serial_undead, serial_undead_d, serial_undead_a, serial_undead_e,
          serial_undead_c, serial_undead_f, serial_undead_d

Notes
Turn   | Place    | Note
-------+----------+-------------------------------------------
     0 | D:1      | Dracia the Troll Monk began the quest for the Orb.
     0 | D:1      | Reached XP level 1. HP: 22/22 MP: 0/0
   161 | D:1      | Reached XP level 2. HP: 29/29 MP: 1/1
   567 | D:1      | Reached XP level 3. HP: 35/36 MP: 2/2
   594 | D:1      | Reached skill level 4 in Unarmed Combat
  1023 | D:2      | Noticed Jessica
  1026 | D:2      | Killed Jessica
  1027 | D:2      | Reached skill level 3 in Dodging
  1027 | D:2      | Reached XP level 4. HP: 44/44 MP: 3/3
  1265 | D:2      | Found an opulent altar of Gozag.
  1268 | D:2      | Found a basalt altar of Yredelemnul.
  1268 | D:2      | Found a shimmering blue altar of Sif Muna.
  1268 | D:2      | Found an iron altar of Okawaru.
  1276 | D:2      | Found a hazy altar of Hepliaklqana.
  1278 | D:2      | Found a radiant altar of Vehumet.
  1463 | D:2      | Reached skill level 5 in Unarmed Combat
  1490 | D:2      | Reached XP level 5. HP: 50/50 MP: 4/4
  2172 | D:4      | Noticed Eustachio
  2212 | D:4      | Killed Eustachio
  2213 | D:4      | Reached skill level 6 in Unarmed Combat
  2213 | D:4      | Reached XP level 6. HP: 22/59 MP: 5/5
  2225 | D:4      | Found a sand-covered staircase.
  2238 | D:4      | Reached skill level 4 in Dodging
  2244 | Ossuary  | Entered an ossuary
  2311 | Ossuary  | Reached XP level 7. HP: 58/66 MP: 6/6
  2341 | Ossuary  | Reached skill level 7 in Unarmed Combat
  2528 | Ossuary  | Reached skill level 8 in Unarmed Combat
  2548 | Ossuary  | Reached skill level 5 in Dodging
  2561 | Ossuary  | Reached XP level 8. HP: 55/74 MP: 7/7
  2716 | D:4      | Noticed Sigmund
  2727 | D:4      | Killed Sigmund
  2762 | D:4      | Found a glowing drain.
  2775 | Sewer    | Entered a sewer
  2881 | Sewer    | Reached skill level 9 in Unarmed Combat
  3425 | D:4      | Noticed Natasha
  3437 | D:4      | Killed Natasha
  3567 | D:4      | Found a white marble altar of Elyvilon.
  3567 | D:4      | Noticed Ijyb
  3575 | D:4      | Killed Ijyb
  3590 | D:4      | Noticed Natasha
  3596 | D:4      | Killed Natasha
  3893 | D:4      | Noticed Natasha
  3900 | D:4      | Killed Natasha
  3901 | D:4      | Reached skill level 6 in Dodging
  3930 | D:5      | Entered Level 5 of the Dungeon
  3942 | D:5      | Reached skill level 10 in Unarmed Combat
  4437 | D:5      | Found a sacrificial altar of Ru.
  4664 | D:6      | Reached XP level 9. HP: 76/80 MP: 8/8
  4719 | D:6      | Found a stormy altar of Qazlal.
  4794 | D:6      | Found a staircase to the Ecumenical Temple.
  5635 | D:7      | Reached skill level 11 in Unarmed Combat
  5965 | D:7      | Reached skill level 7 in Dodging
  6549 | D:8      | Found an ornate altar of the Wu Jian Council.
  6775 | D:8      | Reached XP level 10. HP: 77/84 MP: 9/9
  7119 | D:9      | Reached skill level 12 in Unarmed Combat
  7336 | D:9      | Noticed a lindwurm
  7339 | D:9      | Noticed a lindwurm
  7511 | D:9      | Found a roughly hewn altar of Beogh.
  7523 | D:9      | Reached skill level 1 in Evocations
  7532 | D:10     | Entered Level 10 of the Dungeon
  7953 | D:9      | Noticed a lindwurm
  7959 | D:9      | Noticed a lindwurm
  8090 | D:10     | Slain by an orc warrior

Vanquished Creatures
  Sigmund (D:4)
  A wyvern (D:10)
  Eustachio (D:4)
  3 sky beasts
  4 orc warriors
  A phantom (D:6)
  5 ogres
  2 centaurs (D:7)
  4 big kobolds
  3 bullfrogs
  10 scorpions
  8 wights
  2 bullfrog zombies
  2 centaur zombies (Ossuary)
  2 jellies
  2 human zombies (Ossuary)
  7 orc priests
  A hound (D:6)
  Jessica (D:2)
  Ijyb (D:4)
  Natasha (thrice) (D:4)
  2 iguanas
  4 orc wizards
  6 worker ants
  A big kobold zombie (Ossuary)
  A hound skeleton (D:7)
  3 mummies (Ossuary)
  A worker ant zombie (D:7)
  3 gnolls (D:6)
  7 scorpion zombies (Ossuary)
  15 adders
  8 river rats (Sewer)
  A white imp (D:8)
  An ufetubus (D:5)
  3 oozes
  4 adder zombies
  4 worms
  3 dart slugs
  5 leopard geckos
  39 orcs
  7 giant cockroaches
  A gnoll zombie (Ossuary)
  4 goblins
  7 hobgoblins
  8 jackals
  34 kobolds
  6 quokkas
  A ball python (Sewer)
  9 bats
  8 frilled lizards
  3 goblin zombies (Ossuary)
  2 hobgoblin zombies (Ossuary)
  5 orc zombies (Ossuary)
  27 rats
297 creatures vanquished.

Vanquished Creatures (others)
  2 plants (D:1)
2 creatures vanquished.

Grand Total: 299 creatures vanquished

Table legend: (Time is in decaauts)
 A = Elapsed time spent in this place.
 B = Non-inter-level travel time spent in this place.
 C = Inter-level travel time spent in this place.
 D = Time resting spent in this place.
 E = Time spent auto-exploring this place.
 F = Levels seen in this place.
 G = Mean time per level.
                   A        B        C        D        E       F      G
               +--------+--------+--------+--------+--------+-----+--------+
         Total |   8013 |   7720 |    293 |    296 |   5640 |  12 |  667.8 |
       Dungeon |   7052 |   6759 |    293 |    256 |   5226 |  10 |  705.2 |
         Sewer |    527 |    527 |      0 |      0 |    352 |   1 |  527.0 |
       Ossuary |    433 |    433 |      0 |     40 |     62 |   1 |  433.0 |
               +--------+--------+--------+--------+--------+-----+--------+

Top non-repeatable levels by time:
     D:7: 1025 daAuts
     D:1: 1017 daAuts
     D:6: 832 daAuts
     D:2: 801 daAuts
     D:4: 773 daAuts
     D:9: 740 daAuts
     D:5: 711 daAuts
   Sewer: 527 daAuts
     D:8: 523 daAuts
 Ossuary: 433 daAuts
     D:3: 371 daAuts
    D:10: 254 daAuts

Table legend:
 A = Non-vault XP
 B = Vault XP
 C = Vault XP percentage of total XP
 D = Non-vault monster count
 E = Vault monster count
 F = Vault count percentage of total count
                 A         B        C        D         E       F
            +---------+---------+-------+---------+---------+-------
      Total |    4161 |    2429 |  36.9 |     175 |     122 |  41.1
            +---------+---------+-------+---------+---------+-------
        D:1 |      49 |      14 |  22.2 |      29 |       5 |  14.7
        D:2 |     109 |      41 |  27.3 |      24 |       4 |  14.3
        D:3 |      47 |       0 |   0.0 |      14 |       0 |   0.0
        D:4 |     404 |     525 |  56.5 |      12 |       5 |  29.4
        D:5 |     195 |       0 |   0.0 |       4 |       0 |   0.0
        D:6 |     694 |       0 |   0.0 |      18 |       0 |   0.0
        D:7 |    1515 |       0 |   0.0 |      40 |       0 |   0.0
        D:8 |     629 |       0 |   0.0 |      11 |       0 |   0.0
        D:9 |     259 |     353 |  57.7 |      19 |      24 |  55.8
       D:10 |     260 |     129 |  33.2 |       4 |       1 |  20.0
      Sewer |       0 |     390 | 100.0 |       0 |      48 | 100.0
    Ossuary |       0 |     977 | 100.0 |       0 |      35 | 100.0
            +---------+---------+-------+---------+---------+-------
